 Dungeon Crawl Stone Soup version 0.27.1-15-g792fb953b9 (webtiles) character file.

Game seed: 352100855494365680

586444 bearlyready the Imperceptible (level 27, -4/191 (193) HPs)
             Began as a Kobold Fighter on Nov 18, 2021.
             Was a High Priest of Ashenzari.
             Slain by an electric golem (5 damage)
             ... while paralysed by a dread lich
             ... on level 5 of the Realm of Zot on Nov 19, 2021.
             The game lasted 04:05:31 (105474 turns).

bearlyready the Imperceptible (Kobold Fighter)    Turns: 105474, Time: 04:05:32

HP:   -4/191 (193)  AC: 15    Str: 27    XL:     27
MP:   0/37          EV:  3    Int: 10    God:    Ashenzari [*****.]
Gold: 6174          SH:  0    Dex: 32    Spells: 39/47 levels left

rFire    + + +     SeeInvis +   b - +5 demon blade (freeze)
rCold    + + .     Faith    .   G - +0 kite shield "Eternal Soothsayer" {reflect, Evo, Self} (curse)
rNeg     + . .     Spirit   +   E - +0 steam dragon scales "Omniscient Portent" {Cun, Melee} (curse)
rPois    +         Reflect  +   q - +1 hat of Ashenzari's Foul Odors {SInv, Cun, Fort} (curse)
rElec    .         Harm     .   V - scarf "Omniscient Visionary" {rC+ rF+, Fort, Cun} (curse)
rCorr    .         Rampage  .   k - +2 pair of gloves of the Wild Blue Yonder {Dex+3, Cun, Self} (curse)
Will     ++...     Clarity  +   u - +0 pair of boots of the Pangnostic Secrets {rPois Str+8, Evo, Cun} (curse) Stlth *+++++++++
                                Y - amulet of the Cursed Stars {Spirit, Cun, Evo} (curse)
HPRegen  1.41/turn              O - ring of Ashenzari's Portent {rF+ rC+ Str+6, Cun, Self} (curse)
MPRegen  0.25/turn              L - ring of Ashenzari's Jealousy {rN+ Dex+4, Evo, Range} (curse)

@: paralysed, unable to read, hasted, lightly drained
A: small, no large weapons, nightstalker 3, clarity, fire resistance 1,
regeneration 1, weak 1, inability to read while threatened
}: 3/15 runes: serpentine, barnacled, abyssal
a: Renounce Religion, Curse Item, Shatter the Chains


You were on level 5 of the Realm of Zot.
You worshipped Ashenzari.
Ashenzari was extremely pleased with you.
You visited 11 branches of the dungeon, and saw 52 of its levels.
You visited the Abyss 2 times.
You also visited: Trove, Ice Cave and Wizlab.

You collected 8929 gold pieces.
You spent 2755 gold pieces at shops.

Inventory:

Hand Weapons
 a - a +3 rapier of electrocution
 b - a +5 demon blade of freezing (weapon)
Missiles
 w - 55 boomerangs
 z - 5 boomerangs of dispersal
 Q - 2 throwing nets (quivered)
 R - 15 silver boomerangs
Armour
 k - the cursed +2 pair of gloves of the Wild Blue Yonder (worn) {Dex+3, Cun, Self}
   (You found it on level 3 of the Elven Halls)

   It has a curse which improves the following skills: Cunning: Dodging and
   Stealth.
   Introspection: Fighting and Spellcasting.
 q - the cursed +1 hat of Ashenzari's Foul Odors (worn) {SInv, Cun, Fort}
   (You took it off Gastronok on level 1 of the Orcish Mines)

   It has a curse which improves the following skills: Cunning: Dodging and
   Stealth.
   Fortitude: Armour and Shields.
 u - the cursed +0 pair of boots of the Pangnostic Secrets (worn) {rPois Str+8, Evo, Cun}
   (You bought it in a shop on level 14 of the Dungeon)

   Str:       It affects your strength (+8).
   rPois:     It protects you from poison.
   It has a curse which improves the following skills: Evocations: Evocations.
   Cunning:   Dodging and Stealth.
 E - the cursed +0 steam dragon scales "Omniscient Portent" (worn) {Cun, Melee}
   (You found it on level 7 of the Dungeon)

   It has a curse which improves the following skills: Cunning: Dodging and
   Stealth.
   Melee Combat: Short Blades, Long Blades, Axes, Maces & Flails, Polearms,
   Staves and Unarmed Combat.
 G - the cursed +0 kite shield "Eternal Soothsayer" (worn) {reflect, Evo, Self}
   (You took it off Donald on level 2 of the Orcish Mines)

   It has a curse which improves the following skills: Evocations: Evocations.
   Introspection: Fighting and Spellcasting.
 T - +0 gold dragon scales
 V - the cursed scarf "Omniscient Visionary" (worn) {rC+ rF+, Fort, Cun}
   (You found it on level 3 of the Lair of Beasts)

   It has a curse which improves the following skills: Fortitude: Armour and
   Shields.
   Cunning:   Dodging and Stealth.
Jewellery
 J - the amulet "Cagiq" {Reflect MP+9 Dex+6 SH+5}
   (You found it on level 3 of the Crypt)

   [amulet of reflection]

   It reflects blocked missile attacks.
   Dex:       It affects your dexterity (+6).
   MP:        It affects your magic capacity (+9).
   SH:        It affects your SH (+5).
 L - the cursed ring of Ashenzari's Jealousy (right hand) {rN+ Dex+4, Evo, Range}
   (You took it off a deep elf death mage on level 3 of the Elven Halls)

   [ring of positive energy]

   Dex:       It affects your dexterity (+4).
   rN:        It protects you from negative energy.
   It has a curse which improves the following skills: Evocations: Evocations.
   Ranged Combat: Slings, Bows, Crossbows and Throwing.
 O - the cursed ring of Ashenzari's Portent (left hand) {rF+ rC+ Str+6, Cun, Self}
   (You took it off a deep elf archer on level 3 of the Elven Halls)

   [ring of strength]

   Str:       It affects your strength (+6).
   rF:        It protects you from fire.
   rC:        It protects you from cold.
   It has a curse which improves the following skills: Cunning: Dodging and
   Stealth.
   Introspection: Fighting and Spellcasting.
 Y - the cursed amulet of the Cursed Stars (around neck) {Spirit, Cun, Evo}
   (You found it on level 3 of the Lair of Beasts)

   [amulet of guardian spirit]

   It causes incoming damage to be divided between your reserves of health and
   magic.
   It has a curse which improves the following skills: Cunning: Dodging and
   Stealth.
   Evocations: Evocations.
Wands
 m - a wand of mindburst (10)
 x - a wand of charming (6)
 B - a wand of iceblast (7)
 H - a wand of polymorph (28)
 I - a wand of acid (10)
 K - a wand of flame (100)
 P - a wand of paralysis (6)
 X - a wand of digging (17)
Scrolls
 d - 5 scrolls of torment
 e - 3 scrolls of fog
 g - 2 scrolls of brand weapon
 i - 4 scrolls of magic mapping
 n - 3 scrolls of fear
 o - 4 scrolls of silence
 t - 16 scrolls of enchant armour
 F - 2 scrolls of holy word
 W - 3 scrolls of teleportation
 Z - a scroll of blinking
Potions
 c - 8 potions of magic
 f - 17 potions of curing
 j - 2 potions of heal wounds
 r - a potion of berserk rage
 s - a potion of resistance
 v - a potion of brilliance
 A - 3 potions of flight
 C - 6 potions of mutation
 D - 11 potions of ambrosia
 M - a potion of invisibility
 S - 7 potions of lignification
 U - 2 potions of cancellation
Miscellaneous
 l - a tin of tremorstones (2/2)
 y - a phial of floods
 N - a condenser vane (inert)


   Skills:
 + Level 20.9(25.0) Fighting
 - Level 10.1(19.4) Short Blades
 + Level 16.3(18.8) Long Blades
 - Level 9.1(11.7) Throwing
 - Level 13.0(16.6) Armour
 - Level 21.1(27) Dodging
 - Level 26.0(27) Stealth
 - Level 15.5(19.0) Shields
 - Level 5.5(10.6) Spellcasting
 - Level 5.0 Air Magic
 + Level 18.2(23.5) Evocations


You had 39 spell levels left.
You knew the following spells:

 Your Spells              Type           Power      Damage    Failure   Level
a - Metabolic Englaciati  Hex/Ice        2%         N/A       99%         5
b - Swiftness             Air            15%        N/A       6%          3

Your spell library contained the following spells:

 Spells                   Type           Power      Damage    Failure   Level
 Shock                    Conj/Air       40%        1d5       5%          1
 Corpse Rot               Necr/Air       N/A        N/A       9%          2
 Poisonous Vapours        Pois/Air       20%        N/A       9%          2
 Animate Skeleton         Necr           10%        N/A       16%         1
 Apportation              Tloc           10%        N/A       16%         1
 Corona                   Hex            5%         N/A       16%         1
 Foxfire                  Conj/Fire      20%        2x1d5     16%         1
 Freeze                   Ice            20%        1d4       16%         1
 Sandblast                Erth           10%        2d5       16%         1
 Sting                    Tmut/Pois      20%        1d4       16%         1
 Summon Small Mammal      Summ           20%        N/A       16%         1
 Airstrike                Air            7%         N/A       21%         4
 Blink                    Tloc           N/A        N/A       24%         2
 Ensorcelled Hibernation  Hex/Ice        10%        N/A       24%         2
 Passwall                 Tmut/Erth      4%         N/A       24%         2
 Sublimation of Blood     Necr           2%         N/A       24%         2
 Wereblood                Tmut           5%         N/A       24%         2
 Mephitic Cloud           Conj/Pois/Air  8%         N/A       24%         3
 Conjure Flame            Conj/Fire      5%         6-21      43%         3
 Dazzling Flash           Conj/Hex       10%        N/A       43%         3
 Frozen Ramparts          Ice            10%        1d3       43%         3
 Gell's Gravitas          Tloc           2%         N/A       43%         3
 Ignite Poison            Fire/Tmut/Pois 5%         N/A       43%         3
 Inner Flame              Hex/Fire       5%         N/A       43%         3
 Lesser Beckoning         Tloc           2%         N/A       43%         3
 Ozocubu's Armour         Ice            5%         N/A       43%         3
 Portal Projectile        Hex/Tloc       10%        N/A       43%         3
 Spider Form              Tmut/Pois      2%         N/A       43%         3
 Teleport Other           Tloc           5%         N/A       43%         3
 Tukima's Dance           Hex            5%         N/A       43%         3
 Vampiric Draining        Necr           2%         2d6       43%         3
 Summon Lightning Spire   Summ/Air       10%        N/A       50%         4
 Animate Armour           Summ/Erth      10%        N/A       83%         4
 Cause Fear               Hex            2%         N/A       83%         4
 Dispel Undead            Necr           5%         3d7       83%         4
 Hailstorm                Conj/Ice       5%         3d4       83%         4
 Ice Form                 Ice/Tmut       5%         N/A       83%         4
 Iskenderun's Mystic Bla  Conj/Tloc      5%         2d3       83%         4
 Olgreb's Toxic Radiance  Pois           5%         N/A       83%         4
 Petrify                  Tmut/Erth      5%         N/A       83%         4
 Summon Ice Beast         Ice/Summ       5%         N/A       83%         4
 Lightning Bolt           Conj/Air       5%         1d17      83%         5
 Alistair's Intoxication  Tmut/Pois      3%         N/A       99%         5
 Blade Hands              Tmut           2%         N/A       99%         5
 Borgnjor's Vile Clutch   Necr/Erth      2%         N/A       99%         5
 Excruciating Wounds      Necr           2%         N/A       99%         5
 Fireball                 Conj/Fire      2%         3d4       99%         5
 Iskenderun's Battlesphe  Conj           5%         2d6       99%         5
 Lee's Rapid Deconstruct  Erth           2%         3d6*      99%         5
 Manifold Assault         Tloc           5%         N/A       99%         5
 Summon Forest            Summ/Tloc      2%         N/A       99%         5
 Summon Mana Viper        Hex/Summ       5%         N/A       99%         5
 Conjure Ball Lightning   Conj/Air       5%         3x3d6     100%        6
 Death Channel            Necr           2%         N/A       100%        6
 Eringya's Noxious Bog    Tmut/Pois      2%         N/A       100%        6
 Iron Shot                Conj/Erth      2%         9d2       100%        6
 Simulacrum               Ice/Necr       2%         N/A       100%        6
 Starburst                Conj/Fire      2%         6d3       100%        6
 Statue Form              Tmut/Erth      3%         N/A       100%        6
 Haunt                    Necr/Summ      2%         N/A       100%        7
 Monstrous Menagerie      Summ           2%         N/A       100%        7
 Orb of Destruction       Conj           2%         9d1       100%        7
 Ozocubu's Refrigeration  Ice            2%         4d5       100%        7
 Spellforged Servitor     Conj/Summ      2%         N/A       100%        7
 Storm Form               Tmut/Air       5%         N/A       100%        7
 Summon Hydra             Summ           2%         N/A       100%        7
 Borgnjor's Revivificati  Necr           2%         N/A       100%        8
 Discord                  Hex            2%         N/A       100%        8
 Disjunction              Tloc           2%         N/A       100%        8
 Ignition                 Fire           2%         3d3       100%        8
 Maxwell's Capacitive Co  Air            7%         ∞         100%        8
 Summon Horrible Things   Summ           2%         N/A       100%        8


Dungeon Overview and Level Annotations

Branches:
Dungeon (15/15)            Temple (1/1) D:7            Lair (6/6) D:10
 Shoals (4/4) Lair:3        Snake (4/4) Lair:2        Slime (0/5) Lair:5
    Orc (2/2) D:11            Elf (3/3) Orc:2        Vaults (4/5) D:14
  Crypt (3/3) Vaults:2       Tomb (0/3) Crypt:3      Depths (5/5) D:15
    Zot (5/5) Depths:5      IceCv (visited)          WizLab (visited)

Altars:
Ashenzari
Cheibriados
Dithmenos
Elyvilon
Fedhas
Gozag
Hepliaklqana
Kikubaaqudgha
Makhleb
Nemelex Xobeh
Okawaru
Qazlal
Ru
Sif Muna
Trog
Uskayaw
Vehumet
Wu Jian
Xom
Yredelemnul
Zin
The Shining One
Beogh
Jiyva

Shops:
D:14 [   Orc:2 (*:[   Elf:3 *   Snake:3 ?   Vaults:2 [   Vaults:4 *
Depths:1 *(=*

Portals:
Hell: Depths:1 Depths:2 Depths:3 Depths:4 Depths:5
Abyss: Depths:4
Pandemonium: Depths:3 Depths:4
Ziggurat: Depths:2

Annotations:
Lair:4 Rupert
Lair:5 exclusion: 5 oklob plants
Shoals:4 Bai Suzhen
Vaults:4 3 runed translucent doors, Loqig's ghost, veteran GnWn
Crypt:1 Khufu


Innate Abilities, Weirdness & Mutations

You are small and have problems with some larger weapons.
You are completely attuned to the shadows.
You possess an exceptional clarity of mind.
Your flesh is heat resistant. (rF+)
Your natural rate of healing is unusually fast.
You are weak. (Str -2)
You sometimes lose the ability to read scrolls when taking damage.


Message History

An Orb Guardian comes into view.
The Hell Sentinel gestures at you.
The sphere of damnation explodes!
The damnation engulfs you!!
You feel threatened and lose the ability to read scrolls!
You cannot read scrolls in your current state!
Unknown command.
You feel yourself speed up.
The electric golem hurls lightning at you.
The bolt of lightning misses you. The ghost moth stares at you.
You feel your power leaking away.
The Orb Guardian hits you but does no damage.
The dread lich points at you and mumbles some strange words.
You suddenly lose the ability to move!
The Orb Guardian hits you. The ghost moth stares at you.
You feel your power leaking away. The ghost moth hits you!
The ghost moth barely misses you.
The ghost moth stings you but does no damage.
The electric golem blinks!
The Orb Guardian hits you!! The Hell Sentinel gestures at you.
The iron shot hits you!!
* * * LOW HITPOINT WARNING * * *
The ghost moth hits you!
* * * LOW HITPOINT WARNING * * *
The ghost moth hits you but does no damage.
The ghost moth stings you but does no damage.
The dread lich enters a dispersal trap!
The electric golem blinks!
The Orb Guardian blinks!
The Orb Guardian disappears!
The Hell Sentinel blinks!
The ancient lich blinks!
The ghost moth blinks!
The ghost moth fails to trigger a net trap.
The Orb Guardian blinks! x2; The Hell Sentinel blinks! x2
The ghost moth blinks!
You blink.
The dread lich blinks!
The electric golem hits you but does no damage.
The electric golem hits you.
* * * LOW HITPOINT WARNING * * *
The electric golem shocks you!!
* * * LOW HITPOINT WARNING * * *
The electric golem hits you but does no damage.
The electric golem hits you.
You die...

######.......### ##....
###..).).....## #.⌠.. ***
########)######## ##### ,,**
#......!{.......# **.... ,,,**
##.....)..^.X..## **,.... ,,,,**
#......[......#▓ **,...^. ,,,,,*
▓##.^.[..§..§.##▓▓*,,...^.
,,,^,*▓▓▓#.....y.§...#▓▓▓*,.^....
,,,,,#▓▓##.....8@....##▓▓#.......
,,,,.#▓▓#.......§§§...#▓▓#^......
,,,..#▓##.........§.L.##▓#.......
,,...###............§.L###....L..
,,..###...###########.{.###p.....
,..##....#############...{##2d...
,..^^..#################.L.LLD{{.
*▓▓▓▓▓▓###### ######▓▓▓▓▓▓▓▓▓
,,.▓▓▓▓### #####▓▓▓▓..{..


You could see an electric golem, a dread lich (fast, invisible, corroded), an
Orb Guardian and a ghost moth (invisible).

Vanquished Creatures
  3 orbs of fire (Zot:5)
  Mara (Shoals:3)
  2 ancient liches (Zot:5)
  Mennas (Depths:4)
  A royal mummy (Crypt:3)
  A Killer Klown (Zot:5)
  Saint Roka (Depths:1)
  Xtahua (Crypt:1)
  A profane servitor (Crypt:3)
  2 golden dragons
  An electric golem (Zot:1)
  A Hellbinder (WizLab)
  3 hellephants
  A Brimstone Fiend (Depths:4)
  9 tentacled monstrosities
  9 Orb Guardians (Zot:5)
  2 liches
  3 acid blobs (Depths:5)
  2 deep elf master archers (Elf:3)
  2 quicksilver dragons
  Polyphemus (Shoals:3)
  3 deep elf blademasters
  Frances (Shoals:1)
  A kraken (Shoals:2)
  2 sphinxes
  3 tentacled starspawn
  9 ancient champions
  3 death cobs
  2 tengu reavers
  2 Executioners (Depths:4)
  Kirke (D:12)
  8 storm dragons
  A draconian monk (Zot:5)
  Gastronok (Orc:1)
  5 shadow dragons
  A thorn hunter (Depths:2)
  3 revenants (Crypt:3)
  Donald (Orc:2)
  8 nagarajas
  The ghost of Whoops the Tortoise, an adept GrFi of the Shining One (Snake:3)
  The ghost of Witt the Fighter, an adept GrFi of Ashenzari (Shoals:3)
  4 rockslimes (Depths:5)
  6 azure jellies (Depths:5)
  A draconian knight (Zot:5)
  10 vault wardens
  5 frost giants
  10 fire giants
  6 balrugs
  4 draconian scorchers
  6 deep elf sorcerers
  A ghost moth (Zot:5)
  2 cacodemons (WizLab)
  2 orc warlords
  A curse skull (Crypt:3)
  An angel (Abyss:4)
  6 deep elf elementalists
  A draconian annihilator (Zot:5)
  3 draconian stormcallers
  3 draconian shifters (Zot:5)
  21 ironbound preservers
  2 reapers
  6 very ugly things
  12 stone giants
  2 green draconians (Depths:5)
  3 war gargoyles
  8 vampire knights
  5 deep elf demonologists
  Nessos (Orc:2)
  8 deep elf annihilators
  2 dire elephants (Vaults:1)
  2 black draconians (Zot:5)
  5 white draconians
  A lorocyproca (WizLab)
  A yellow draconian (Zot:2)
  10 spark wasps
  An entropy weaver (Vaults:1)
  An eidolon (Crypt:1)
  2 purple draconians (Zot:5)
  5 red draconians
  A crystal guardian (Vaults:4)
  5 deep elf death magi
  2 mummy priests (Crypt:3)
  6 fire dragons
  5 ettins
  11 merfolk impalers
  A blizzard demon (WizLab)
  A quicksilver dragon zombie (Crypt:3)
  15 jiangshi
  3 merfolk javelineers (Shoals:4)
  Josephine (Orc:1)
  5 deep elf high priests
  14 great orbs of eyes
  17 naga warriors
  8 vault guards
  9 yaktaur captains
  4 boulder beetles
  3 peacekeepers
  A quicksilver dragon skeleton (Crypt:1)
  6 ice dragons
  3 catoblepae
  6 hydras
  7 ironbound thunderhulks
  6 rakshasas
  3 merfolk avatars
  An ogre mage (Vaults:2)
  Erolcha (D:12)
  3 salamander tyrants
  10 anacondas
  9 ironbound frosthearts
  3 merfolk aquamancers
  25 centaur warriors
  7 hell hogs (Depths:1)
  5 two-headed ogres
  7 vampire magi
  6 alligators (Depths:2)
  24 dancing weapons
  14 death yaks
  2 deep troll earth magi (D:15)
  2 tengu warriors
  5 orc high priests
  3 spriggan berserkers
  2 wretched stars (Abyss:2)
  2 ironbound beastmasters
  18 naga sharpshooters
  4 sun demons
  5 soul eaters
  6 shock serpents
  12 deep elf knights
  A titan skeleton (Depths:4)
  A thrashing horror (Abyss:4)
  16 hell knights
  12 skeletal warriors
  4 shadow wraiths (Crypt:3)
  A golden dragon zombie (Depths:1)
  The ghost of pkoi the Grappler, a novice DrTm of Cheibriados (D:7)
  2 sixfirhies
  54 deep trolls
  6 salamander mystics
  6 flayed ghosts
  An iron troll (Depths:2)
  2 shadow demons
  A shadow dragon zombie (Depths:4)
  A gelid demonspawn (Depths:3)
  9 deep elf archers
  A quicksilver dragon simulacrum (Crypt:1)
  19 sea snakes
  Pikel (D:5)
  3 glowing orange brains
  2 swamp dragons (Depths:2)
  9 ironbound convokers
  A tengu zombie (D:15)
  6 lindwurms
  5 naga ritualists
  10 wizards
  12 harpies
  8 phantasmal warriors
  9 orc knights
  A wolf spider (Lair:6)
  9 necromancers
  21 deep elf zephyrmancers
  A sphinx zombie (Depths:1)
  14 mana vipers
  A will-o-the-wisp (Abyss:4)
  An orc sorcerer (Orc:2)
  4 fire giant zombies
  A faun (Shoals:1)
  11 manticores
  34 deep elf pyromancers
  An iron dragon skeleton (Depths:1)
  8 moths of wrath
  4 draconians (Abyss:4)
  45 ugly things
  7 cyclopes
  27 salamanders
  2 water nymphs
  An apocalypse crab (Abyss:4)
  2 fire giant skeletons (Crypt:1)
  5 merfolk sirens
  5 guardian serpents
  4 elephants
  45 black mambas
  2 rust devils
  Joseph (D:12)
  4 centaur zombies
  2 smoke demons (WizLab)
  6 torpor snails
  16 naga magi
  A spriggan skeleton (Depths:1)
  A yellow draconian zombie (Crypt:2)
  20 vault sentinels
  18 cane toads
  A cane toad (shapeshifter) (Elf:1)
  4 orange demons
  2 hellions (WizLab)
  A shock serpent skeleton (Abyss:4)
  A yaktaur (shapeshifter) (Depths:3)
  6 rime drakes
  An unseen horror (Depths:4)
  27 yaktaurs
  2 kobold demonologists
  3 ice devils (WizLab)
  An efreet (D:13)
  An ancient zyme (Abyss:2)
  A swamp worm zombie (Crypt:3)
  A tormentor (Abyss:4)
  3 hellwings
  8 komodo dragons
  3 red devils
  3 freezing wraiths
  2 tengu conjurers
  A green draconian skeleton (Crypt:2)
  9 guardian mummies (Crypt:3)
  9 polar bears
  A hydra zombie (Crypt:1)
  A meliai (shapeshifter) (D:7)
  A jumping spider (shapeshifter) (D:14)
  13 trolls
  13 merfolk
  6 wind drakes
  A wind drake (shapeshifter) (Elf:1)
  11 hornets
  25 blink frogs
  7 dream sheep
  7 snapping turtles
  An ice dragon zombie (D:15)
  4 tyrant leeches (Lair:6)
  A guardian serpent skeleton (Crypt:2)
  41 slime creatures
  9 flying skulls
  13 large abominations
  2 redbacks
  A deep troll skeleton (Depths:1)
  3 air elementals
  2 hogs (D:12)
  2 ice dragon skeletons
  A tarantella (shapeshifter) (D:13)
  20 water elementals
  4 ynoxinuls
  15 wyverns
  4 basilisks
  40 yaks
  11 wraiths
  4 fire elementals
  5 chaos spawn
  A yaktaur simulacrum (Vaults:2)
  3 steam dragons (D:7)
  2 vampire mosquitoes (D:14)
  A merfolk zombie (Crypt:3)
  46 nagas
  2 gelid demonspawn zombies
  A torturous demonspawn zombie (Crypt:1)
  2 swamp worms (Depths:2)
  6 wargs
  A deep troll zombie (Crypt:1)
  2 acid dragons
  A water moccasin (shapeshifter) (Vaults:2)
  A merfolk skeleton (Crypt:3)
  2 sky beasts (D:8)
  25 water moccasins
  A floating eye (Depths:3)
  A hell hound (Abyss:4)
  An orb spider zombie (Crypt:3)
  2 swamp drakes (Depths:2)
  A black bear (shapeshifter) (Vaults:2)
  41 orc warriors
  4 ice beasts
  A manticore zombie (Crypt:2)
  5 black bears
  A black mamba simulacrum (Abyss:2)
  5 necrophages
  An ettin simulacrum (Crypt:1)
  A hornet zombie (D:8)
  7 wolves
  13 centaurs
  7 ogres
  A boggart (Vaults:2)
  A phantom (D:4)
  4 kobold brigands
  4 elf zombies
  A blink frog skeleton (Crypt:1)
  3 wyvern zombies
  22 bullfrogs
  An earth elemental (Elf:2)
  2 scorpions (D:7)
  3 water moccasin zombies
  A wyvern skeleton (D:7)
  A polar bear zombie (Crypt:3)
  A shapeshifter zombie (Crypt:1)
  A warg skeleton (Crypt:2)
  7 killer bees
  4 wights (D:8)
  A polar bear skeleton (Crypt:1)
  4 howler monkeys
  A bullfrog zombie (D:5)
  A quasit (Abyss:2)
  3 hounds
  6 jellies
  A centaur skeleton (D:5)
  15 orc priests
  A water moccasin simulacrum (D:7)
  Crazy Yiuf (D:5)
  A human zombie (Crypt:2)
  2 gnoll shamans
  Ijyb (D:5)
  3 iguanas
  24 orc wizards
  3 polar bear simulacra (Lair:2)
  5 yak simulacra (Lair:2)
  A wolf simulacrum (Lair:2)
  3 killer bee zombies
  7 small abominations
  A demigod skeleton (Crypt:1)
  2 hound zombies
  6 howler monkey zombies
  3 mummies (Crypt:1)
  Robin (D:3)
  4 adders
  8 gnolls
  2 shadow imps
  16 white imps
  An ufetubus (Abyss:2)
  An adder skeleton (D:5)
  An adder zombie (Crypt:2)
  4 worms
  A dart slug (D:1)
  109 orcs
  8 ball pythons
  11 endoplasms
  6 giant cockroaches
  15 goblins
  18 hobgoblins
  4 jackals (D:1)
  18 kobolds
  2 quokkas
  6 bats
  7 frilled lizards
  2 goblin skeletons
  5 rats
  2 river rat simulacra (Lair:2)
  A river rat zombie (Crypt:3)
  A starspawn tentacle (Abyss:4)
2077 creatures vanquished.

Vanquished Creatures (collateral kills)
  A tentacled monstrosity (Zot:1)
  2 Orb Guardians (Zot:5)
  A quicksilver dragon (Abyss:4)
  A green draconian (Zot:5)
  A red draconian (Zot:5)
  A death yak (IceCv)
  A naga ritualist (Snake:1)
  3 harpies (Shoals:1)
  A draconian (Abyss:4)
  A rust devil (WizLab)
13 creatures vanquished.

Vanquished Creatures (others)
  An ancient lich (Zot:5)
  2 death cobs (Zot:5)
  An ironbound preserver (Vaults:2)
  A black sun (WizLab)
  A jiangshi (Depths:4)
  A naga sharpshooter (Snake:4)
  An ironbound beastmaster (Vaults:1)
  A deep elf archer (Elf:1)
  A deep elf pyromancer (Elf:3)
  A yak (IceCv)
  3 humans (D:12)
  A wolf (IceCv)
  An orc (Orc:2)
  2 foxfires (Abyss:4)
  125 fungi
  215 plants
  6 starspawn tentacles (Abyss:4)
  5 withered plants (D:15)
369 creatures vanquished.

Grand Total: 2459 creatures vanquished

Notes
Turn   | Place    | Note
-------+----------+-------------------------------------------
     0 | D:1      | bearlyready the Kobold Fighter began the quest for the Orb.
     0 | D:1      | Reached XP level 1. HP: 14/14 MP: 1/1
   212 | D:1      | Reached skill level 1 in Stealth
   239 | D:1      | Reached XP level 2. HP: 13/19 MP: 2/2
   391 | D:1      | Reached skill level 2 in Stealth
   429 | D:1      | Found a faded altar of an unknown god.
   700 | D:1      | Reached XP level 3. HP: 15/23 MP: 3/3
  1549 | D:2      | Reached skill level 3 in Stealth
  1613 | D:2      | Reached XP level 4. HP: 8/28 MP: 4/4
  2967 | D:3      | Reached skill level 4 in Stealth
  3023 | D:3      | Noticed Robin
  3028 | D:3      | Killed Robin
  3029 | D:3      | Reached XP level 5. HP: 28/32 MP: 5/5
  3184 | D:3      | Reached skill level 5 in Short Blades
  3429 | D:3      | Noticed a sky beast
  3474 | D:4      | Noticed a phantom
  3480 | D:4      | Killed a phantom
  3481 | D:4      | Reached skill level 5 in Stealth
  3481 | D:4      | Reached XP level 6. HP: 13/37 MP: 6/6
  4007 | D:4      | Reached skill level 6 in Stealth
  4597 | D:5      | Entered Level 5 of the Dungeon
  4663 | D:5      | Reached XP level 7. HP: 37/41 MP: 7/7
  4764 | D:5      | Reached skill level 7 in Stealth
  5059 | D:5      | Found a runed translucent door.
  5062 | D:5      | Noticed Crazy Yiuf
  5142 | D:5      | Noticed Ijyb
  5163 | D:5      | Killed Ijyb
  5207 | D:5      | Noticed Pikel
  5241 | D:5      | Killed Pikel
  5242 | D:5      | Reached skill level 9 in Stealth
  5242 | D:5      | Reached XP level 8. HP: 29/46 MP: 8/8
  6018 | D:5      | Killed Crazy Yiuf
  6432 | D:6      | Reached skill level 10 in Stealth
  6444 | D:6      | Reached XP level 9. HP: 51/51 MP: 9/9
  6464 | D:6      | Reached skill level 10 in Short Blades
  6784 | D:6      | Reached skill level 1 in Evocations
  6788 | D:6      | Reached skill level 1 in Throwing
  7108 | D:7      | Reached skill level 11 in Stealth
  7129 | D:7      | Found a staircase to the Ecumenical Temple.
  7138 | Temple   | Entered the Ecumenical Temple
  7449 | Temple   | Became a worshipper of Ashenzari the Shackled
  7737 | D:7      | Found an iron altar of Okawaru.
  7971 | D:7      | Found a transporter.
  7991 | D:7      | Found a transporter.
  8008 | D:7      | Found a hazy altar of Hepliaklqana.
  8378 | D:7      | Reached skill level 5 in Fighting
  8467 | D:7      | Reached XP level 10. HP: 59/59 MP: 10/10
  8515 | D:7      | Noticed a brown ugly thing
  8732 | D:7      | Noticed pkoi's ghost (novice DrTm)
  8955 | D:8      | Reached skill level 5 in Evocations
  8959 | D:8      | Reached skill level 12 in Stealth
  9119 | D:8      | Reached skill level 5 in Throwing
  9969 | D:8      | Noticed a manticore
  9969 | D:8      | Noticed a kobold demonologist
  9980 | D:8      | Killed a kobold demonologist
 10056 | D:8      | Killed a manticore
 10057 | D:8      | Reached skill level 13 in Stealth
 10830 | D:9      | Reached * piety under Ashenzari
 10837 | D:9      | Learned a level 5 spell: Metabolic Englaciation
 10941 | D:9      | Reached XP level 11. HP: 55/67 MP: 11/11
 11616 | D:10     | Entered Level 10 of the Dungeon
 11848 | D:10     | Noticed a two-headed ogre
 11852 | D:10     | Killed a two-headed ogre
 11870 | D:10     | Reached skill level 14 in Stealth
 11915 | D:10     | Found a staircase to the Lair.
 12367 | D:10     | Found an ancient bone altar of Kikubaaqudgha.
 12367 | D:10     | Found a radiant altar of Vehumet.
 12420 | D:10     | Found a portal to a secret trove of treasure.
 12470 | D:10     | Noticed a two-headed ogre
 12483 | D:10     | Killed a two-headed ogre
 12512 | D:10     | Reached ** piety under Ashenzari
 13169 | D:11     | Reached skill level 1 in Dodging
 13169 | D:11     | Reached XP level 12. HP: 76/76 MP: 12/12
 13337 | D:11     | Found a staircase to the Orcish Mines.
 13672 | D:11     | Noticed a boulder beetle
 13689 | D:11     | Killed a boulder beetle
 14725 | D:12     | Noticed a skeletal warrior
 14743 | D:12     | Reached skill level 15 in Stealth
 14962 | D:12     | Identified a scroll of acquirement
 15400 | D:12     | Reached skill level 10 in Fighting
 15685 | D:12     | Noticed Joseph
 15689 | D:12     | Killed Joseph
 15690 | D:12     | Acquired a +0 demon blade of venom
 15736 | D:12     | Noticed Kirke
 15762 | D:12     | Killed Kirke
 16736 | D:12     | Noticed Erolcha
 16740 | D:12     | Killed Erolcha
 16741 | D:12     | Reached skill level 5 in Dodging
 16741 | D:12     | Reached XP level 13. HP: 83/83 MP: 13/13
 17085 | D:13     | Reached skill level 1 in Long Blades
 17292 | D:13     | Noticed a centaur warrior
 17294 | D:13     | Killed a centaur warrior
 17391 | D:13     | Noticed a centaur warrior
 17395 | D:13     | Killed a centaur warrior
 17405 | D:13     | Reached skill level 16 in Stealth
 17639 | D:13     | Identified the +7 mace of Vohatsuv {venom, Fly Str+3}
 17694 | D:13     | Noticed a centaur warrior
 17705 | D:13     | Killed a centaur warrior
 17706 | D:13     | Reached skill level 5 in Shields
 17854 | D:13     | Noticed a centaur warrior
 18279 | D:13     | Identified the +5 ring mail "Tiena" {Harm +Inv}
 18573 | D:13     | Found an ornate altar of the Wu Jian Council.
 18589 | D:13     | Killed a centaur warrior
 18777 | Lair:1   | Entered Level 1 of the Lair of Beasts
 18783 | Lair:1   | Found a frozen archway.
 19154 | IceCv    | Entered an ice cave
 20200 | Lair:1   | Reached XP level 14. HP: 90/90 MP: 14/14
 21018 | Lair:2   | Found a staircase to the Snake Pit.
 21694 | Lair:2   | Identified the ring of Muapotro {Ice *Corrode rElec Slay+3
                  | SInv}
 22891 | Lair:2   | Reached skill level 17 in Stealth
 23717 | Lair:3   | Reached skill level 10 in Evocations
 24006 | Lair:3   | Found a staircase to the Shoals.
 25147 | Lair:4   | Reached skill level 5 in Long Blades
 25221 | Lair:4   | Noticed Rupert
 25444 | Lair:4   | HP: 3/92 [death yak[a torpor snail] (16)]
 26411 | Lair:5   | Reached XP level 15. HP: 97/97 MP: 15/15
 26798 | Lair:5   | Reached *** piety under Ashenzari
 27017 | Lair:5   | Found a staircase to the Slime Pits.
 27272 | Lair:6   | Entered Level 6 of the Lair of Beasts
 27305 | Lair:6   | Found a runed translucent door.
 29084 | Lair:6   | Reached skill level 10 in Dodging
 29126 | Lair:6   | Reached skill level 18 in Stealth
 29527 | Lair:6   | Paralysed by a hornet for 1 turns
 32276 | D:7      | Reached XP level 16. HP: 82/107 MP: 16/16
 32989 | D:7      | Killed pkoi's ghost
 34077 | D:14     | Found a hazy altar of Hepliaklqana.
 34111 | D:14     | Found a gate to the Vaults.
 34816 | Orc:1    | Entered Level 1 of the Orcish Mines
 34884 | Orc:1    | Noticed Gastronok
 34934 | Orc:1    | Killed Gastronok
 35284 | Orc:2    | Entered Level 2 of the Orcish Mines
 35284 | Orc:2    | Noticed Josephine
 35296 | Orc:1    | Killed Josephine
 36073 | Orc:2    | Found Ylyt's Book Shop.
 36088 | Orc:2    | Noticed Nessos
 36103 | Orc:2    | Killed Nessos
 36104 | Orc:2    | Reached skill level 19 in Stealth
 36355 | Orc:2    | Found Isyj's Antique Armour Boutique.
 37413 | Orc:2    | Noticed Donald
 37500 | Orc:2    | Killed Donald
 37771 | Orc:2    | Found a staircase to the Elven Halls.
 38111 | Orc:2    | Found Silykh's General Store.
 38116 | Orc:2    | Bought a potion of curing for 45 gold pieces
 38116 | Orc:2    | Bought a scroll of fear for 52 gold pieces
 38444 | Orc:2    | Found Anteis's Antique Weapon Shoppe.
 38525 | Orc:1    | Reached **** piety under Ashenzari
 39117 | Shoals:1 | Entered Level 1 of the Shoals
 39685 | Snake:1  | Entered Level 1 of the Snake Pit
 40089 | Lair:2   | Reached XP level 17. HP: 31/115 MP: 0/17
 40673 | Elf:1    | Entered Level 1 of the Elven Halls
 42136 | Elf:1    | Identified the Almanac of Darkness
 43039 | Shoals:1 | Noticed Frances
 44675 | Snake:1  | Reached skill level 20 in Stealth
 45544 | Snake:1  | Learned a level 3 spell: Swiftness
 46614 | Snake:2  | Reached skill level 15 in Fighting
 47199 | Snake:2  | Reached XP level 18. HP: 78/125 MP: 18/18
 49240 | Snake:3  | Reached ***** piety under Ashenzari
 50038 | Snake:3  | Found a runed translucent gate.
 50038 | Snake:3  | Found a runed translucent gate.
 50038 | Snake:3  | Found a runed translucent gate.
 50073 | Snake:3  | Found Qosmur's Magic Scroll Shop.
 50078 | Snake:3  | Bought 2 scrolls of teleportation for 90 gold pieces
 50078 | Snake:3  | Bought a scroll of blinking for 112 gold pieces
 50078 | Snake:3  | Bought a scroll of teleportation for 45 gold pieces
 50078 | Snake:3  | Bought a scroll of enchant armour for 112 gold pieces
 50078 | Snake:3  | Bought a scroll of acquirement for 780 gold pieces
 50078 | Snake:3  | Bought a scroll of enchant armour for 112 gold pieces
 50078 | Snake:3  | Acquired 1129 gold pieces
 50080 | Snake:3  | Bought a scroll of magic mapping for 52 gold pieces
 50080 | Snake:3  | Bought a scroll of magic mapping for 52 gold pieces
 51701 | Snake:3  | Noticed Whoops's ghost (adept GrFi)
 51705 | Snake:3  | Killed Whoops's ghost
 51739 | Snake:4  | Entered Level 4 of the Snake Pit
 51746 | Snake:4  | Reached skill level 21 in Stealth
 53208 | Snake:4  | Found the +3 salamander hide armour {Flames rF++ rC--}
 53830 | Snake:3  | Reached XP level 19. HP: 27/131 MP: 19/19
 54406 | Snake:4  | Reached skill level 15 in Dodging
 57343 | Snake:4  | Reached skill level 5 in Armour
 57641 | Snake:4  | Got a serpentine rune of Zot
 58239 | Shoals:1 | Killed Frances
 58338 | Shoals:2 | Identified the +7 falchion of Flawed Execution {protect,
                  | Dex+2}
 58799 | Shoals:2 | Reached skill level 22 in Stealth
 58929 | Shoals:2 | Reached skill level 10 in Shields
 59684 | Shoals:3 | Found a large runed translucent door.
 59692 | Shoals:3 | Found a large runed translucent door.
 59831 | Shoals:3 | Noticed Polyphemus
 59836 | Shoals:3 | Killed Polyphemus
 60231 | Shoals:3 | Noticed Mara
 60236 | Shoals:3 | Killed Mara
 60759 | Shoals:3 | Noticed Witt's ghost (adept GrFi)
 60765 | Shoals:3 | Killed Witt's ghost
 60787 | Shoals:4 | Entered Level 4 of the Shoals
 61017 | Shoals:4 | Reached XP level 20. HP: 136/136 MP: 20/20
 61305 | Shoals:4 | Noticed Bai Suzhen
 61429 | Shoals:4 | Identified the +6 broad axe "Yclid" {freeze, rF+}
 62359 | Shoals:4 | Identified the ring of Giojeate {Dex+5 SInv}
 62360 | Shoals:4 | Identified the +7 mace of the Shouting Pill Bug {flame,
                  | Will+}
 63264 | Shoals:4 | Got a barnacled rune of Zot
 63887 | Vaults:1 | Entered Level 1 of the Vaults
 64009 | Vaults:1 | Cast into level 3 of the Abyss (a wizard)
 64060 | Vaults:1 | Escaped the Abyss
 64851 | D:14     | Found Rusour's Armour Shop.
 64893 | D:14     | Bought the +0 pair of boots of the Skies Above {rPois
                  | Str+8} for 455 gold pieces
 65053 | D:15     | Entered Level 15 of the Dungeon
 65376 | D:15     | Reached skill level 23 in Stealth
 65553 | D:15     | Found a shimmering blue altar of Sif Muna.
 66016 | D:15     | Found a staircase to the Depths.
 67366 | Vaults:1 | HP: 3/136 [ironbound frostheart/creeping frost (24)]
 67682 | Vaults:1 | Reached XP level 21. HP: 105/141 MP: 21/21
 70748 | Vaults:2 | Acquired a manual of Shields
 70844 | Vaults:2 | Found a staircase to the Crypt.
 70844 | Vaults:2 | Found an ancient bone altar of Kikubaaqudgha.
 70844 | Vaults:2 | Found a basalt altar of Yredelemnul.
 70974 | Vaults:2 | Found Cuthrad's Armour Emporium.
 70979 | Vaults:2 | Reached skill level 24 in Stealth
 71273 | Vaults:2 | Identified the +7 hand axe of the Hierophant {speed, rCorr}
 71785 | Vaults:2 | Identified the +2 robe "Xedunwiy" {rElec MP+9 Int+4}
 71883 | Vaults:2 | Found a huge runed gate.
 71883 | Vaults:2 | Found a huge runed gate.
 71884 | Vaults:2 | Found a huge runed gate.
 71884 | Vaults:2 | Found a huge runed gate.
 71885 | Vaults:2 | Found a huge runed gate.
 71886 | Vaults:2 | Found a huge runed gate.
 71887 | Vaults:2 | Found a huge runed gate.
 71888 | Vaults:2 | Found a huge runed gate.
 71889 | Vaults:2 | Found a huge runed gate.
 71890 | Vaults:2 | Found a huge runed gate.
 71891 | Vaults:2 | Found a huge runed gate.
 71892 | Vaults:2 | Found a huge runed gate.
 71897 | Vaults:2 | Found a huge runed gate.
 71897 | Vaults:2 | Found a huge runed gate.
 71897 | Vaults:2 | Found a huge runed gate.
 71898 | Vaults:2 | Found a huge runed gate.
 71899 | Vaults:2 | Found a huge runed gate.
 71900 | Vaults:2 | Found a huge runed gate.
 71901 | Vaults:2 | Found a huge runed gate.
 71902 | Vaults:2 | Found a huge runed gate.
 71903 | Vaults:2 | Found a huge runed gate.
 71905 | Vaults:2 | Found a huge runed gate.
 71908 | Vaults:2 | Found a huge runed gate.
 71908 | Vaults:2 | Found a huge runed gate.
 71909 | Vaults:2 | Found a huge runed gate.
 71910 | Vaults:2 | Found a huge runed gate.
 71911 | Vaults:2 | Found a huge runed gate.
 71912 | Vaults:2 | Found a huge runed gate.
 71913 | Vaults:2 | Found a huge runed gate.
 71914 | Vaults:2 | Found a huge runed gate.
 71916 | Vaults:2 | Found a huge runed gate.
 71919 | Vaults:2 | Found a huge runed gate.
 71919 | Vaults:2 | Found a huge runed gate.
 71919 | Vaults:2 | Found a huge runed gate.
 71920 | Vaults:2 | Found a huge runed gate.
 71921 | Vaults:2 | Found a huge runed gate.
 72768 | Elf:1    | Reached XP level 22. HP: 147/147 MP: 22/22
 72980 | Elf:2    | Found a huge runed translucent gate.
 72980 | Elf:2    | Found a huge runed translucent gate.
 72980 | Elf:2    | Found a huge runed translucent gate.
 72980 | Elf:2    | Found a huge runed translucent gate.
 72980 | Elf:2    | Found a huge runed translucent gate.
 72989 | Elf:2    | Reached skill level 10 in Long Blades
 73330 | Elf:2    | Paralysed by an air elemental for 1 turns
 73340 | Elf:2    | Paralysed by an air elemental for 1 turns
 74365 | D:10     | You paid a toll of a +5 demon whip to enter a treasure
                  | trove
 74366 | Trove    | Entered a treasure trove
 74417 | Trove    | Identified the amulet of Jucleinu {Acrobat rElec Will-
                  | Str+4}
 74651 | Elf:3    | Entered Level 3 of the Elven Halls
 75270 | Elf:3    | Found Eleuti's Assorted Antiques.
 75279 | Elf:3    | Bought a potion of haste for 290 gold pieces
 75279 | Elf:3    | Bought a potion of heal wounds for 145 gold pieces
 75279 | Elf:3    | Bought a flickering lead amulet for 145 gold pieces
 75279 | Elf:3    | Identified the amulet "Erefyteg" {Acrobat Rampage rCorr}
                  | (You bought it in a shop on level 3 of the Elven Halls)
 75483 | Elf:3    | Paralysed by an air elemental for 1 turns
 75589 | Elf:3    | Reached skill level 25 in Stealth
 75812 | Elf:3    | Identified the +9 rapier "Folaomp" {venom, rF+ Dex+2}
 75812 | Elf:3    | Identified the ring "Hoahawk" {rF+ rC+ Str+6}
 76235 | Elf:3    | Identified the ring of the Open Hand {rN+ Dex+4}
 76658 | Elf:3    | Reached skill level 1 in Spellcasting
 76658 | Elf:3    | Reached skill level 1 in Air Magic
 77078 | Elf:3    | Identified the +0 robe of Indemnity {rCorr Dex+4}
 77589 | Elf:3    | Identified the +10 mace "Urel" {vamp, Dex+3}
 77686 | Elf:3    | Identified the Almanac of Creative Dark Secrets
 77996 | Elf:2    | Reached XP level 23. HP: 152/152 MP: 28/30
 78844 | Depths:1 | Entered Level 1 of the Depths
 79584 | Depths:1 | Noticed Saint Roka
 79637 | Depths:1 | Killed Saint Roka
 80146 | Depths:1 | Found Epteybbu's General Store.
 80148 | Depths:1 | Found Lahay's Jewellery Shoppe.
 80148 | Depths:1 | Found Kuatoqir's Antique Weapon Emporium.
 80151 | Depths:1 | Found Feujoq's General Store.
 80168 | Depths:1 | Bought a scroll of enchant weapon for 142 gold pieces
 80245 | Depths:1 | Found a gateway to Hell.
 83254 | Depths:2 | Found a gateway to a ziggurat.
 83776 | Depths:2 | Reached skill level 10 in Armour
 84403 | Depths:2 | Identified the ring of Omuidel {rCorr Dex+7}
 84566 | Depths:3 | Reached XP level 24. HP: 117/159 MP: 31/31
 84691 | Depths:2 | Acquired 734 gold pieces
 85176 | Depths:3 | Reached skill level 26 in Stealth
 85176 | Depths:3 | Found a one-way gate leading to the halls of Pandemonium.
 85604 | Depths:3 | Found a blossoming altar of Fedhas.
 85659 | Depths:3 | Found a runed translucent door.
 85673 | Depths:3 | Identified the +6 rapier "Suicer" {flame, rElec rPois Int+7
                  | Dex-4}
 85675 | Depths:3 | Identified the ring "Dalodid" {rPois Will+ MP+9}
 86071 | Depths:3 | Identified the Catalogue of Fire
 86205 | Depths:3 | Found a runed translucent door.
 86926 | Depths:4 | Noticed Mennas
 86940 | Depths:4 | Found a hide-covered altar of Uskayaw.
 88071 | Vaults:3 | Reached XP level 25. HP: 119/166 MP: 32/32
 89462 | Vaults:4 | Found a runed translucent gate.
 89462 | Vaults:4 | Found a runed translucent gate.
 89560 | Vaults:4 | Reached skill level 5 in Air Magic
 90001 | Vaults:4 | Reached skill level 5 in Spellcasting
 90205 | Vaults:4 | Found Waciamee's General Store.
 90210 | Vaults:4 | Bought a scroll of teleportation for 36 gold pieces
 90210 | Vaults:4 | Bought a scroll of silence for 90 gold pieces
 90781 | Vaults:4 | Found a runed translucent gate.
 90786 | Vaults:4 | Noticed Loqig's ghost (veteran GnWn)
 91272 | Crypt:1  | Entered Level 1 of the Crypt
 92203 | Crypt:1  | Noticed Khufu
 92387 | Crypt:1  | Noticed Xtahua
 92399 | Crypt:1  | Killed Xtahua
 93096 | Crypt:2  | Found a magical portal.
 93185 | WizLab   | Entered The Hall of the Hellbinder
 93827 | WizLab   | Reached XP level 26. HP: 174/176 MP: 37/37
 93827 | WizLab   | Found the amulet of the Four Winds {rN+ Will+++ Clar}
 93833 | WizLab   | Identified the Compendium of the Escort
 93856 | WizLab   | Found a burning altar of Makhleb.
 95128 | Crypt:3  | Entered Level 3 of the Crypt
 95137 | Crypt:3  | Found a staircase to the Tomb.
 97063 | Crypt:3  | Found an ancient bone altar of Kikubaaqudgha.
 97064 | Crypt:3  | Identified the +9 rapier of Sollulol {venom, rF+ rC+ MP+9}
 97066 | Crypt:3  | Reached skill level 15 in Shields
 97468 | Crypt:3  | Found a basalt altar of Yredelemnul.
 97470 | Crypt:3  | Noticed a royal mummy
 97474 | Crypt:3  | Killed a royal mummy
 97477 | Crypt:3  | Identified the amulet "Cagiq" {Reflect MP+9 Dex+6 SH+5}
 97607 | Crypt:3  | Identified the +2 chain mail of Darkness {rElec Will+ Str+6
                  | Int+2}
 97813 | Crypt:3  | Reached skill level 15 in Evocations
 98940 | Depths:4 | Found a one-way gate to the infinite horrors of the Abyss.
 98988 | Depths:4 | Killed Mennas
 99747 | Depths:4 | Identified the ring of Tender Moments {Drain rC++ Will+
                  | Dex+3}
 99750 | Depths:4 | Cast into level 2 of the Abyss (a deep elf demonologist)
100084 | Abyss:2  | Reached XP level 27. HP: 186/186 MP: 37/37
100235 | Abyss:4  | Found a transporter.
100376 | Abyss:4  | Found a transporter.
100401 | Abyss:4  | Got an abyssal rune of Zot
100418 | Depths:4 | Escaped the Abyss
100497 | Depths:4 | Identified the +4 quarterstaff "Undertaker" {freeze, Drain
                  | Str+5 Int+4 Stlth+}
101120 | Depths:4 | Found a burning altar of Makhleb.
101122 | Depths:4 | Identified the Collected Works on Virous Unholy Secrets
101323 | Depths:5 | Entered Level 5 of the Depths
101698 | Depths:5 | Found a viscous altar of Jiyva.
102212 | Depths:5 | Reached skill level 15 in Long Blades
102287 | Depths:5 | Found a gate to the Realm of Zot.
102487 | Zot:1    | Entered Level 1 of the Realm of Zot
103207 | Zot:2    | Identified the +5 longbow of Tenacity {flame, Fragile
                  | +Blink rC+ Will+}
103340 | Zot:5    | Entered Level 5 of the Realm of Zot
104490 | Zot:5    | Noticed an ancient lich
104895 | Zot:5    | Killed an ancient lich
104996 | Zot:5    | Noticed an orb of fire
105020 | Zot:5    | Gained mutation: You tend to lose your temper in combat.
                  | [an orb of fire]
105023 | Zot:5    | Noticed an orb of fire
105033 | Zot:5    | Gained mutation: You sometimes lose the ability to read
                  | scrolls when taking damage. [an orb of fire]
105034 | Zot:5    | Killed an orb of fire
105059 | Zot:5    | Gained mutation: Your magical capacity is low. (-10% MP)
                  | [an orb of fire]
105060 | Zot:5    | Killed an orb of fire
105101 | Zot:4    | Lost mutation: Your magical capacity is low. (-10% MP)
                  | [potion of mutation]
105101 | Zot:4    | Lost mutation: You tend to lose your temper in combat.
                  | [potion of mutation]
105101 | Zot:4    | Lost mutation: You sometimes lose the ability to read
                  | scrolls when taking damage. [potion of mutation]
105101 | Zot:4    | Gained mutation: Your body sometimes deteriorates upon
                  | taking damage. [potion of mutation]
105101 | Zot:4    | Gained mutation: Potions are less effective at restoring
                  | your health. [potion of mutation]
105101 | Zot:4    | Gained mutation: You have very sharp teeth. [potion of
                  | mutation]
105101 | Zot:4    | Gained mutation: You are agile. (Dex +2) [potion of
                  | mutation]
105102 | Zot:4    | Lost mutation: Your body sometimes deteriorates upon taking
                  | damage. [potion of mutation]
105102 | Zot:4    | Lost mutation: You have very sharp teeth. [potion of
                  | mutation]
105102 | Zot:4    | Gained mutation: Armour fits poorly on your strangely
                  | shaped body. [potion of mutation]
105102 | Zot:4    | Gained mutation: You possess an exceptional clarity of
                  | mind. [potion of mutation]
105102 | Zot:4    | Gained mutation: Your system is resistant to poisons.
                  | (rPois) [potion of mutation]
105103 | Zot:4    | Lost mutation: You are agile. (Dex +2) [potion of mutation]
105103 | Zot:4    | Lost mutation: Your system is resistant to poisons. (rPois)
                  | [potion of mutation]
105103 | Zot:4    | Lost mutation: Armour fits poorly on your strangely shaped
                  | body. [potion of mutation]
105103 | Zot:4    | Gained mutation: You have sharp toenails. [potion of
                  | mutation]
105103 | Zot:4    | Gained mutation: Your natural rate of healing is unusually
                  | fast. [potion of mutation]
105231 | Zot:5    | Noticed an ancient lich
105232 | Zot:5    | Noticed an orb of fire
105237 | Zot:5    | Noticed an ancient lich
105249 | Zot:5    | Killed an ancient lich
105249 | Zot:5    | Noticed a Killer Klown
105252 | Zot:5    | Noticed an ancient lich
105254 | Zot:5    | Gained mutation: You are clumsy. (Dex -2) [an orb of fire]
105260 | Zot:5    | Gained mutation: You are weak. (Str -2) [an orb of fire]
105261 | Zot:5    | Gained mutation: Your magical capacity is low. (-10% MP)
                  | [an orb of fire]
105263 | Zot:5    | Killed an orb of fire
105316 | Zot:4    | Lost mutation: Your magical capacity is low. (-10% MP)
                  | [potion of mutation]
105316 | Zot:4    | Lost mutation: You are clumsy. (Dex -2) [potion of
                  | mutation]
105316 | Zot:4    | Lost mutation: Potions are less effective at restoring your
                  | health. [potion of mutation]
105316 | Zot:4    | Gained mutation: Your magical capacity is low. (-10% MP)
                  | [potion of mutation]
105316 | Zot:4    | Gained mutation: You sometimes lose the ability to read
                  | scrolls when taking damage. [potion of mutation]
105316 | Zot:4    | Gained mutation: You are very weak. (Str -4) [potion of
                  | mutation]
105316 | Zot:4    | Gained mutation: Your flesh is heat resistant. (rF+)
                  | [potion of mutation]
105317 | Zot:4    | Lost mutation: You possess an exceptional clarity of mind.
                  | [potion of mutation]
105317 | Zot:4    | Lost mutation: Your magical capacity is low. (-10% MP)
                  | [potion of mutation]
105317 | Zot:4    | Lost mutation: You are very weak. (Str -4) [potion of
                  | mutation]
105317 | Zot:4    | Lost mutation: You have sharp toenails. [potion of
                  | mutation]
105317 | Zot:4    | Gained mutation: You possess an exceptional clarity of
                  | mind. [potion of mutation]
105330 | Zot:5    | Killed a Killer Klown
105393 | Zot:5    | Killed an ancient lich
105449 | Zot:5    | Noticed a Killer Klown
105450 | Zot:5    | Noticed a dread lich
105461 | Zot:5    | Noticed an ancient lich
105465 | Zot:5    | Noticed a dread lich
105466 | Zot:5    | Noticed an orb of fire
105472 | Zot:5    | Paralysed by a dread lich for 3 turns
105474 | Zot:5    | HP: 1/191 [electric golem (19)]
105474 | Zot:5    | Slain by an electric golem

Illustrated notes

Levels and vault maps discovered:
D:1:      minmay_arrival_nine_rooms, layout_basic,
          shapermc_ecumenical_altar_totnotflames, serial_forest,
          infiniplex_forest_straight_4, infiniplex_forest_lined_1,
          infiniplex_forest_clump_medium, infiniplex_forest_straight_3,
          infiniplex_forest_lined_room_, infiniplex_forest_fountain,
          infiniplex_forest_clump_C, infiniplex_forest_clump_medium,
          infiniplex_forest_lined_2, chequers_serial_rivers_room_a,
          roderic_roman_lattice, minmay_split_cup_small
D:2:      layout_basic
D:3:      layout_loops_corners, uniq_robin
D:4:      layout_rooms, minmay_misc_feat_hallway
D:5:      layout_cave_pods, serial_bayou_pond_d, chequers_serial_rivers_small_3,
          minmay_misc_feat_nine_boxes, uniq_pikel, uniq_ijyb,
          uniq_crazy_yiuf_cottage
D:6:      layout_gridville
D:7:      nzn_winding_woodlands_large [nzn_winding_woodlands_hourglass,
          nzn_winding_woodlands_5x15_sawtooth,
          nzn_winding_woodlands_5x5_closed_star,
          nzn_winding_woodlands_center_lodge,
          nzn_winding_woodlands_15x15_killbox,
          nzn_winding_woodlands_center_diamonds,
          nzn_winding_woodlands_5x5_open_star,
          nzn_winding_woodlands_5x15_crooked,
          nzn_winding_woodlands_5x5_checkerboard], layout_cave_pools,
          okawaru_altar_gauntlet_db, lemuel_tele_altar,
          minmay_temple_entry_glass, gammafunk_ghost_smash
D:8:      kennysheep_windowed_halls, layout_basic, minmay_misc_feat_rows
D:9:      layout_rooms
D:10:     layout_roguey [special_room_orc], gammafunk_temple_overflow_statue,
          due_lair_maze_entry_diamond, nicolae_trove_entry_isolated
D:11:     layout_loops_corners, david_orc_2
D:12:     nooodl_glass_maze, layout_cave_pods, minmay_sticks_and_stones,
          uniq_kirke, uniq_erolcha
D:13:     cheibrodos_orc_bank, layout_cave_pods, nzn_wu_jian_council_hall
D:14:     layout_cave_pools, david_vaults_2, serial_shops, shop,
          nicolae_hepliaklqana_hazy_memory, st_stairs_6
D:15:     gammafunk_depths_entry_grave, layout_irregular_city, led_sif_pool,
          hangedman_decor_peaks_small
Temple:   dpeg_five_rooms_temple
Lair:1:   layout_chaotic_city, portal_ice_cave_entry_imps, beast_lair_carwin_10,
          infiniplex_staircase_pool, serial_bayou_shore_b
Lair:2:   layout_hall_layers, guppyfry_snake_entry_island,
          eino_house_with_fridge, grunt_megastairs_1, serial_bayou_shore_a
Lair:3:   layout_concentric_octagons, elwin_shoals_entry_rocks,
          cheibrodos_lair_lostbears
Lair:4:   layout_cave_pods, uniq_rupert
Lair:5:   layout_cellular_growth, minmay_slime_entry_oklob_open
Lair:6:   hangedman_lair_tendril_chambers, layout_small_grid, wormcave,
          columned_hall_lemuel, minivault_19
Shoals:1: layout_shoals, uniq_frances
Shoals:2: layout_shoals
Shoals:3: layout_shoals, ebering_ghost_disaster_area,
          nicolae_shoals_lost_giant_temple, uniq_mara, uniq_polyphemus
Shoals:4: shoals_end_grunt_ice, layout_shoals, uniq_bai_suzhen
Snake:1:  layout_misc_corridors
Snake:2:  layout_layer_cave
Snake:3:  layout_concentric_octagons, serial_shops, shop_statue,
          ebering_ghost_rock_garden, st_stairs_4
Snake:4:  grunt_snake_rune_pools, layout_cave_town, grunt_megastairs_2
Orc:1:    layout_caves, uniq_gastronok
Orc:2:    grunt_orc_gardens, layout_caves, grunt_orc_garden, grunt_orc_garden,
          grunt_orc_garden, grunt_orc_garden, basic_altar, mines2_david,
          uniq_josephine, uniq_nessos, uniq_donald
Elf:1:    layout_onion_city, minmay_elf_necromancy, nrook_mini_backslash,
          kennysheep_underground_church
Elf:2:    elven_hall_of_blades_hangedman_alternative [nicolae_blade_lattice],
          layout_geoelf_grid, nicolae_elf_crossing_hall
Elf:3:    elf_hall, layout_geoelf_diagonals, serial_shops,
          nicolae_lakefront_shop
Vaults:1: vaults_dpeg_hooks, v_alt_pattern_6, nicolae_vaults_mini_display_case,
          nicolae_vaults_windows_and_doors_thing, vaults_standard_mumra_x,
          v_misc_13, hangedman_vaults_pinch, ontoclasm_vaults_twist,
          nicolae_vaults_halls_meeting, v_misc_11, vaults_room_semicircle,
          layout_vaults_maze_bifur
Vaults:2: vaults_mumra_hexcomb, nicolae_vaults_what_the_h, serial_ice_m,
          vaults_room_grunt_arrival_ludios, minmay_crypt_entry_necro_gods,
          vaults_mumra_minichess, v_misc_4, vaults_room_pools,
          hangedman_vaults_stitches, vaults_door_vault, v_misc_24,
          nicolae_vaults_shelves_hall, vaults_mumra_lcd, layout_vaults_omnibox,
          serial_shops, nicolae_shop_temple_entry_statues_fountains
Vaults:3: v_pattern_2, hangedman_vaults_variations, v_misc_12,
          nicolae_vaults_specimen_jars, v_alt_pattern_5,
          nicolae_vaults_ring_of_whatevers, vaults_dpeg_doors,
          nicolae_vaults_little_squares_6, ontoclasm_vaults_loading_screen,
          layout_vaults_omnigrid
Vaults:4: gammafunk_vaults_ghost_spectres, ontoclasm_vaults_eye,
          nicolae_vaults_network_quinsquares
          [nicolae_vaults_network_quincunx_subvault,
          nicolae_vaults_network_quincunx_subvault,
          nicolae_vaults_network_quincunx_subvault,
          nicolae_vaults_network_quincunx_subvault],
          nicolae_vaults_hallways_thing, vaults_room_boxed,
          nicolae_vaults_little_ls, v_misc_4, ontoclasm_vaults_decontamination,
          v_alt_pattern_1, v_misc_27, layout_vaults_big_room, serial_shops,
          nicolae_shop_statue_plus
Crypt:1:  layout_catacombs, serial_sigils_hangedman_snap, uniq_xtahua,
          uniq_khufu
Crypt:2:  layout_basic, mu_enter_wizlab_4
Crypt:3:  lightli_unholy_cathedral, layout_chaotic_city,
          tomb_entry_simple_bobbens, grunt_megastairs_4
Depths:1: layout_gridlike, serial_sigils_hangedman_quiver, grunt_hell_horde,
          hangedman_decor_diamond_cutter, serial_bayou_lake_a, minmay_shoptagon,
          uniq_saint_roka
Depths:2: onia_ninara_swampy_vault, layout_basic, enter_ziggurat_a,
          grunt_hell_entry_dis_grunt, minmay_misc_feat_columns,
          minmay_staircase_bubble
Depths:3: minmay_the_grid_triangle_9x9_rhombus_full
          [minmay_the_grid_triangle_9x9_intruding_spiral,
          minmay_the_grid_triangle_9x9_corruption,
          minmay_the_grid_triangle_9x9_empty,
          minmay_the_grid_triangle_9x9_thin_v,
          minmay_the_grid_triangle_9x9_shrine,
          minmay_the_grid_triangle_9x9_tough_junction,
          minmay_the_grid_triangle_9x9_impossible_snake,
          minmay_the_grid_triangle_9x9_prize_center], layout_cross,
          grunt_pan_entry_zigzag, hell_entry, minmay_crystal_room,
          hellmonk_bongcloud_opening, minmay_misc_feat_ornament
Depths:4: evilmike_makhleb_hellhole, layout_cave_pools, pan_entry,
          minmay_room_of_horrors, nicolae_uskayaw_dance_hall,
          pf_dread_powers_of_hell, uniq_mennas
Depths:5: evilmike_zot_entry_hall, layout_cave_pools, special_room
          [special_room_jelly], hell_entry, hangedman_abyss_or_decor_stagger,
          corexii_leaking_fountain
Zot:1:    layout_gridlike, grunt_megastairs_3
Zot:2:    layout_gridlike, gammafunk_ghost_abyssal_escape
Zot:3:    layout_twisted_circle
Zot:4:    layout_twisted_circle
Zot:5:    layout_cellular_growth, bh_zot_lava_cross

Skill      XL: |  1  2  3  4  5  6  7  8  9 10 11 12 13 14 15 16 17 18 19 20 21 22 23 24 25 26 27 |
---------------+----------------------------------------------------------------------------------+-----
Short Blades   | 3 4 5 6 9 10 | 10.1
Stealth        | 1 2 3 4 5 6 9 10 11 13 14 15 16 17 18 19 20 21 22 23 24 25 26 | 26.0
Evocations     | 4 5 7 9 10 11 12 13 14 15 18 | 18.2
Throwing       | 3 6 8 9 |  9.1
Fighting       | 5 7 9 10 11 12 13 14 15 16 17 18 20 | 20.9
Dodging        | 1 5 7 9 10 12 13 14 16 17 18 19 20 21 | 21.1
Shields        | 4 5 6 7 9 10 11 12 14 15 | 15.5
Long Blades    | 3 5 6 8 9 11 12 13 14 16 | 16.3
Armour         | 3 6 7 8 10 11 12 13 | 13.0
Spellcasting   | 2 3 5 |  5.5
Air Magic      | 2 3 5 |  5.0

Action                   |  1- 3 |  4- 6 |  7- 9 | 10-12 | 13-15 | 16-18 | 19-21 | 22-24 | 25-27 || total
-------------------------+-------+-------+-------+-------+-------+-------+-------+-------+-------++-------
Melee: Rapier            |   102 |    46 |       |       |    11 |   655 |   313 |   157 |   581 ||  1865
       Dagger            |       |   112 |   241 |   730 |   572 |       |       |       |       ||  1655
       Short sword       |       |       |       |    28 |       |       |       |       |       ||    28
       Demon blade       |       |       |       |       |   903 |  1202 |  1610 |  1346 |  1627 ||  6688
Throw: Dart              |       |    11 |    12 |    23 |    46 |    14 |       |    21 |       ||   127
       Boomerang         |       |       |       |       |     6 |    53 |    46 |    16 |    28 ||   149
       Throwing net      |       |       |       |       |     1 |     1 |       |     2 |     4 ||     8
Invok: Curse Item        |       |       |       |     4 |     1 |     3 |       |     2 |     4 ||    14
       Shatter the Chain |       |       |       |       |       |       |     1 |     2 |     2 ||     5
Evoke: Wand              |       |       |       |     9 |     9 |    48 |    66 |    32 |    40 ||   204
       Phial of floods   |       |       |       |       |       |     3 |     3 |     3 |     4 ||    13
       Tin of tremorston |       |       |       |       |       |       |     9 |     9 |     9 ||    27
       Piece from Xom's  |       |       |       |       |       |       |       |       |     1 ||     1
       Condenser vane    |       |       |       |       |       |       |       |       |     2 ||     2
  Use: Potion            |       |     1 |     2 |     2 |     9 |     6 |     9 |     2 |    17 ||    48
       Scroll            |       |     1 |       |     3 |     8 |     7 |     6 |    13 |    13 ||    51
 Stab: Sleeping          |     5 |    15 |    13 |    37 |    66 |    74 |    62 |    93 |   113 ||   478
       Distracted        |       |     1 |       |     3 |    12 |    17 |    12 |    14 |    30 ||    89
       Petrified         |       |       |       |       |     1 |       |     4 |       |       ||     5
       Invisible         |       |       |       |       |       |     1 |       |       |       ||     1
       Paralysed         |       |       |       |       |       |       |     2 |       |     2 ||     4
       Held in net/web   |       |       |       |       |       |       |       |     1 |     2 ||     3
       Confused          |       |       |       |       |       |       |       |       |     1 ||     1
Armor: Scale mail        |    46 |    41 |    48 |   107 |       |       |       |       |       ||   242
       Acid dragon scale |       |       |       |     7 |   168 |     2 |       |       |       ||   177
       Steam dragon scal |       |       |       |       |       |    87 |   117 |    83 |    95 ||   382
Dodge: Dodged            |    60 |    40 |    59 |   175 |   903 |  1089 |  1117 |   813 |  1339 ||  5595
Block: Buckler           |    34 |    28 |    93 |   227 |   719 |   426 |       |       |       ||  1527
       Reflection        |       |       |     6 |     1 |    14 |    94 |   109 |    32 |    17 ||   273
       Kite shield       |       |       |       |       |       |   876 |  1531 |  1063 |  1410 ||  4880
       Rpst.: Demon blade |       |       |       |       |   157 |   152 |   174 |   131 |   171 ||   785
